 Dungeon Crawl Stone Soup version 0.28-a0-241-gfbb0926a3a (webtiles) character file.

Game seed: 5789179146501445381

2435 petercordia5 the Cleaver (level 9, -3/73 HPs)
             Began as a Palentonga Abyssal Knight on Aug 24, 2021.
             Was a Priest of Lugonu.
             Slain by a vampire mosquito (5 damage)
             ... on level 7 of the Dungeon.
             The game lasted 00:15:49 (6761 turns).

petercordia5 the Cleaver (PaAK)                     Turns: 6761, Time: 00:15:49

Health: -3/73      AC: 27    Str: 24    XL:     9   Next: 24%
Magic:  6/12       EV:  7    Int: 17    God:    Lugonu [***...]
Gold:   312        SH:  0    Dex:  9    Spells: 8/8 levels left

rFire   . . .      SeeInvis +   a - +2 hand axe (venom)
rCold   . . .      Faith    .   (no shield)
rNeg    . . .      Spirit   .   t - +1 ring mail {Will+}
rPois   .          Reflect  .   p - +1 helmet {Int+3}
rElec   .          Harm     .   z - +0 cloak
rCorr   .          Rampage  .   u - +0 pair of gloves
Will    +....                   f - +0 barding
Stlth   ..........              (no amulet)
HPRegen 0.22/turn               r - +4 ring of protection
MPRegen 0.13/turn               w - +6 ring of strength

@: curled up
A: large, rugged brown scales 3, see invisible, deformed body, roll 1, armoured
tail, reflexive curl
a: Rolling Charge, Renounce Religion, Depart the Abyss, Bend Space, Banish


You were on level 7 of the Dungeon.
You worshipped Lugonu.
Lugonu was most pleased with you.
You visited 1 branch of the dungeon, and saw 7 of its levels.
You visited the Abyss 1 time.

You collected 312 gold pieces.

Inventory:

Hand Weapons
 a - a +2 hand axe of venom (weapon)
Missiles
 c - 10 poisoned darts
 i - 140 stones
 j - 7 curare-tipped darts
 o - 3 javelins
Armour
 f - a +0 barding (worn)
 p - a +1 helmet of intelligence (worn)
 t - a +1 ring mail of willpower (worn)
 u - a +0 pair of gloves (worn)
 z - a +0 cloak (worn)
Jewellery
 r - a +4 ring of protection (left hand)
 w - a +6 ring of strength (right hand)
 x - a ring of poison resistance
Wands
 h - a wand of flame (25)
Scrolls
 b - a scroll of holy word {unknown}
 e - 2 scrolls of magic mapping {unknown}
 g - 9 scrolls of identify {unknown}
 k - a scroll of fear {unknown}
 l - 4 scrolls of enchant weapon
 m - 2 scrolls of blinking {unknown}
 n - a scroll of vulnerability {unknown}
 q - a scroll of teleportation {unknown}
 s - 3 scrolls of noise
 y - a scroll of fog
Potions
 d - 2 potions of curing {abyss}
 v - a potion of lignification {unknown}


   Skills:
 * Level 6.2 Fighting
 + Level 9.0 Axes
 + Level 4.1 Armour
 + Level 2.3 Dodging
 * Level 5.0 Invocations


You had 8 spell levels left.
You didn't know any spells.
Your spell library contained the following spells:

 Spells                   Type           Power      Damage    Failure   Level
 Static Discharge         Conj/Air       0%         N/A       47%         2
 Dispel Undead            Necr           0%         3d6       98%         4
 Sticky Flame             Conj/Fire      0%         2d3       98%         4


Dungeon Overview and Level Annotations

Branches:
Dungeon (7/15)
 Temple: D:4-7

Altars:
Ashenzari
Dithmenos
Nemelex Xobeh
Yredelemnul

Shops:
D:2 [

Annotations:
D:7 corrupted


Innate Abilities, Weirdness & Mutations

You are completely covered in rugged brown scales. (AC +3, +7% HP)
You have supernaturally acute eyesight. (SInv)
Armour fits poorly on your strangely shaped body.
You can roll at nearby foes to attack.
You have a long armoured tail.
You curl defensively after being hit.


Message History

The starspawn tentacle completely misses the centaur zombie.
You hear an eerie melody.
The starspawn tentacle barely misses something.
The lorocyproca barely misses something.
Unknown command.
Unknown command.
Unknown command.
You feel better.
Something bites the flying skull but does no damage.
Something bites the starspawn tentacle.
The vampire mosquito bites you!
* * * LOW HITPOINT WARNING * * *
The vampire mosquito draws strength from your injuries!
The flying skull barely misses something.
You feel a bit more experienced.
Something misses the flying skull.
The vampire mosquito bites you.
* * * LOW HITPOINT WARNING * * *
The vampire mosquito draws strength from your injuries!
You hear an eerie melody.
The starspawn tentacle grabs the vampire mosquito.
The starspawn tentacle constricts the vampire mosquito.
Unknown command.
The vampire mosquito struggles to escape constriction.
The starspawn tentacle constricts the vampire mosquito.
The vampire mosquito struggles to escape constriction.
Unknown command.
Unknown command.
Unknown command.
Found a quarterstaff.
The vampire mosquito struggles to escape constriction.
Something loses its grip on the vampire mosquito.
Unknown command.
Unknown command.
Unknown command.
Unknown command.
The wind drake bites the vampire mosquito!
The worldbinder calls forth creatures from the Shoals!
Unknown command.
The wind drake disappears in a puff of smoke!
The vampire mosquito bites you.
You die...

.....#..3...# #.#
#.......Xw*.###.#
##...###.#y..##.# #.
#.##Z#..°##.#
.##....#4#....#
##+.####.X.w.####
##...#.yz##X─t.#
##.....#### ....#
#..@y...# #w###
#....§....####...####
+.....).m.mx....#....
#.........####...####
##.......## ##.##
##.....## #.. ##...##
... ##+## .... ..#..#


You could see 2 vampire mosquitoes, 2 neutral merfolk sirens, a neutral
worldbinder (summoned) and a neutral flying skull (summoned).

Vanquished Creatures
  Grinder (D:3)
  A steam dragon (D:6)
  2 water moccasins
  A black bear (D:4)
  An ice beast (D:6)
  A phantom (D:4)
  4 scorpions
  A wyvern zombie (D:7)
  A water moccasin skeleton (D:6)
  A centaur zombie (D:3)
  A jelly (D:4)
  A gnoll shaman (D:4)
  A bullfrog skeleton (D:6)
  A centaur skeleton (D:5)
  A hound (D:6)
  Ijyb (D:3)
  3 iguanas
  4 orc wizards
  Robin (D:3)
  5 gnolls (D:4)
  4 adders
  A shadow imp (D:6)
  A white imp (D:6)
  2 dart slugs (D:4)
  18 orcs
  9 bats
  8 endoplasms
  3 giant cockroaches
  18 goblins
  11 hobgoblins
  2 jackals (D:2)
  7 quokkas
  5 ball pythons
  A frilled lizard (D:1)
  8 kobolds
  13 rats
  2 bushes (D:6)
146 creatures vanquished.

Vanquished Creatures (others)
  2 vampire mosquitoes (D:7)
  A water moccasin zombie (D:7)
  A centaur zombie (D:7)
  2 starspawn tentacles (D:7)
6 creatures vanquished.

Grand Total: 152 creatures vanquished

Notes
Turn   | Place    | Note
-------+----------+-------------------------------------------
     0 | Abyss:1  | petercordia5 the Palentonga Abyssal Knight began the quest
                  | for the Orb.
     0 | Abyss:1  | Reached XP level 1. HP: 19/19 MP: 2/2
    43 | Abyss:2  | Noticed a large abomination
    57 | Abyss:2  | Noticed an unseen horror
    65 | D:1      | Escaped the Abyss
   203 | D:1      | Reached * piety under Lugonu
   220 | D:1      | Reached XP level 2. HP: 17/25 MP: 3/3
   229 | D:1      | Reached skill level 1 in Dodging
   820 | D:1      | Reached XP level 3. HP: 30/31 MP: 4/4
  1606 | D:2      | Reached skill level 3 in Axes
  1674 | D:2      | Found Ovyiw's Antique Armour Emporium.
  2039 | D:2      | Reached ** piety under Lugonu
  2347 | D:2      | Reached XP level 4. HP: 39/39 MP: 5/5
  2692 | D:3      | Reached skill level 4 in Axes
  2692 | D:3      | Reached XP level 5. HP: 41/44 MP: 6/6
  2742 | D:3      | Noticed Ijyb
  2764 | D:3      | Killed Ijyb
  2772 | D:3      | Noticed Robin
  2929 | D:3      | Killed Robin
  3275 | D:3      | Noticed Grinder
  3281 | D:3      | Paralysed by Grinder for 7 turns
  3517 | D:3      | Paralysed by Grinder for 4 turns
  3541 | D:3      | Killed Grinder
  3542 | D:3      | Reached skill level 5 in Axes
  3542 | D:3      | Reached XP level 6. HP: 39/51 MP: 7/7
  3837 | D:4      | Reached *** piety under Lugonu
  3841 | D:4      | Reached skill level 6 in Axes
  3843 | D:4      | Gained mutation: You curl defensively after being hit.
                  | [Palentonga growth]
  3843 | D:4      | Reached XP level 7. HP: 25/57 MP: 8/8
  4253 | D:4      | Identified the -4 pair of boots of Kenaq {rElec rPois Dex-3
                  | SInv}
  4700 | D:5      | Entered Level 5 of the Dungeon
  4704 | D:5      | Reached skill level 7 in Axes
  4811 | D:5      | Noticed a two-headed ogre
  5093 | D:5      | Banished a two-headed ogre
  5094 | D:5      | Reached skill level 5 in Fighting
  5094 | D:5      | Reached skill level 8 in Axes
  5094 | D:5      | Reached XP level 8. HP: 62/66 MP: 2/11
  5306 | D:5      | Found a shadowy altar of Dithmenos.
  5418 | D:5      | Found a basalt altar of Yredelemnul.
  5642 | D:5      | Found a broken altar of Ashenzari.
  5850 | D:6      | Found a sparkling altar of Nemelex Xobeh.
  6091 | D:6      | Reached XP level 9. HP: 73/73 MP: 12/12
  6265 | D:6      | Reached **** piety under Lugonu
  6661 | D:7      | Reached skill level 9 in Axes
  6661 | D:7      | Reached skill level 5 in Invocations
  6751 | D:7      | Corrupted D:7
  6751 | D:7      | Noticed an apocalypse crab
  6751 | D:7      | Noticed a tentacled starspawn
  6751 | D:7      | Noticed an ice devil
  6751 | D:7      | Noticed a smoke demon
  6752 | D:7      | Noticed a tentacled starspawn
  6753 | D:7      | Noticed an efreet
  6753 | D:7      | Noticed a lorocyproca
  6755 | D:7      | HP: 1/73 [vampire mosquito (5)]
  6757 | D:7      | Noticed a wind drake
  6757 | D:7      | Noticed a merfolk siren
  6758 | D:7      | Noticed a worldbinder
  6761 | D:7      | Noticed a merfolk siren
  6761 | D:7      | Slain by a vampire mosquito

Illustrated notes

Levels and vault maps discovered:
D:1:      onia_arrival_handbag, layout_loops_cross
D:2:      layout_loops_corners, serial_shops, shop
D:3:      layout_loops_cross, uniq_ijyb, uniq_grinder, uniq_robin
D:4:      layout_gridville, corexii_shack
D:5:      layout_basic, kennysheep_little_box, mainiacjoe_overflow_two_lobes
D:6:      layout_loops_ring, mainiacjoe_overflow_tiny_flanked,
          minmay_hedge_maze, st_stairs_14, roderic_serpentine_path
D:7:      layout_loops_corners, mainiacjoe_overflow_cross_hatched,
          nicolae_hepliaklqana_monster_ancestors, minmay_temple_entry_tees

Skill      XL: |  1  2  3  4  5  6  7  8  9 |
---------------+----------------------------+-----
Dodging        | 1 2 |  2.3
Axes           | 3 4 5 6 8 9 |  9.0
Armour         | 2 3 4 |  4.1
Fighting       | 4 5 6 |  6.2
Invocations    | 4 5 |  5.0

Action                   |  1- 3 |  4- 6 |  7- 9 || total
-------------------------+-------+-------+-------++-------
Melee: Hand axe          |   137 |   163 |   176 ||   476
       Tailslap          |     9 |    12 |    29 ||    50
Invok: Depart the Abyss  |     1 |       |       ||     1
       Bend Space        |       |     3 |     3 ||     6
       Banish            |       |       |     1 ||     1
       Corrupt           |       |       |     1 ||     1
 Abil: Rolling Charge    |    41 |    30 |    36 ||   107
  Use: Potion            |       |     7 |     1 ||     8
       Scroll            |       |     5 |       ||     5
Armor: Leather armour    |    74 |    46 |       ||   120
       Ring mail         |       |    56 |   114 ||   170
Dodge: Dodged            |    41 |    55 |    45 ||   141

Table legend: (Time is in decaauts)
 A = Elapsed time spent in this place.
 B = Non-inter-level travel time spent in this place.
 C = Inter-level travel time spent in this place.
 D = Time resting spent in this place.
 E = Time spent auto-exploring this place.
 F = Levels seen in this place.
 G = Mean time per level.
                   A        B        C        D        E       F      G
               +--------+--------+--------+--------+--------+-----+--------+
         Total |   6769 |   6389 |    380 |    515 |   4776 |   9 |  752.1 |
       Dungeon |   6704 |   6324 |    380 |    515 |   4776 |   7 |  957.7 |
         Abyss |     64 |     64 |      0 |      0 |      0 |   2 |   32.0 |
               +--------+--------+--------+--------+--------+-----+--------+

Top non-repeatable levels by time:
     D:1: 1358 daAuts
     D:3: 1251 daAuts
     D:4: 1161 daAuts
     D:2: 1088 daAuts
     D:5: 945 daAuts
     D:6: 780 daAuts
     D:7: 118 daAuts
 Abyss:2: 42 daAuts
 Abyss:1: 22 daAuts
